Map: Ley Lines

Players

LiquidMaNa (MaNa)

  • Race: Protoss Protoss
  • League: Grandmaster
  • Spawn Location: 7:00

Reynor - Winner!

  • Race: Zerg Zerg
  • League: Master
  • Spawn Location: 1:00

Event: FEL Cracov 2025

VOD

Have the link to the VOD?

Description

Time

  • Played on: July 27, 2025, 9:19 a.m.
  • Length: 13:57

All games in this series

Show
View Real Time Build Order
Export as new Build Order

LiquidMaNa Protoss 

Build Orders: Oracle Opening 

Get SALT Encoding   

  12  0:00  Probe  
  13  0:12  Probe  
  14  0:19  Pylon  
  14  0:24  Probe  
  15  0:33  Probe  
  15  0:41  Probe  
  16  0:44  Gateway  
  17  0:50  Assimilator  
  17  0:51  Probe  
  18  0:59  Probe  
  19  1:07  Probe  
  19  1:18  Probe  
  21  1:31  Cybernetics Core  
  21  1:33  Probe  
  21  1:38  Pylon  
  22  1:45  Probe  
  23  1:58  Adept  
  25  2:09  Warp Gate  
  25  2:10  Probe  
  26  2:23  Nexus  
  26  2:28  Assimilator  
  26  2:33  Adept  
  26  2:36  Probe  
  29  2:49  Probe  
  30  2:51  Stargate  
  30  3:01  Pylon, Probe  
  31  3:15  Pylon  
  31  3:19  Adept, Probe  
  34  3:27  Oracle  
  34  3:31  Probe  
  33  3:35  Probe  
  37  3:43  Probe  
  37  3:44  Twilight Council  
  37  3:47  Probe  
  39  3:53  Resonating Glaives  
  39  3:55  Probe  
  38  3:59  Gateway, Probe  
  38  4:00  Adept  
  41  4:09  Probe, Gateway  
  42  4:11  Probe  
  43  4:21  Gateway  
  43  4:26  Stalker  
  43  4:27  Probe  
  43  4:29  Probe  
  47  4:36  Pylon  
  47  4:39  Probe  
  47  4:41  Probe  
  49  4:51  Probe  
  50  4:54  Adept  
  50  4:55  Adept  
  50  4:59  Nexus  
  54  5:05  Adept  
  56  5:15  Pylon  
  56  5:17  Adept x3  
  56  5:20  Blink  
  62  5:24  Assimilator  
  62  5:28  Assimilator  
  62  5:33  Probe x2  
  64  5:45  Probe x2  
  64  5:48  Adept x3  
  70  5:52  Adept  
  70  6:03  Forge  
  70  6:06  Probe x2  
  70  6:11  Probe  
  69  6:15  Stalker x3  
  69  6:16  Protoss Ground Weapons Level 1  
  69  6:18  Probe x2  
  77  6:19  Shield Battery  
  77  6:23  Probe  
  78  6:30  Probe x2  
  70  6:33  Stalker  
  70  6:35  Probe  
  70  6:39  Stalker  
  71  6:41  Stalker  
  71  6:42  Probe  
  71  6:43  Shield Battery, Probe  
  75  6:47  Probe  
  75  6:51  Stalker  
  78  6:54  Probe  
  78  6:55  Probe  
  78  6:57  Gateway  
  80  7:04  Gateway  
  80  7:05  Stalker x2  
  80  7:07  Stalker  
  85  7:13  Pylon  
  85  7:17  Gateway  
  85  7:31  Stalker x3, Probe  
  85  7:34  Probe  
  91  7:47  Pylon  
  91  7:48  Stalker  
  91  7:49  Protoss Ground Weapons Level 2  
  93  7:52  Pylon, Probe x2  
  93  8:04  Stalker  
  93  8:06  Stalker x4  
  93  8:10  Probe  
  96  8:17  Stalker x2  
  96  8:18  Probe  
  94  8:26  Robotics Facility  
  94  8:28  Assimilator, Probe x2  
  94  8:31  Stalker x2  
  94  8:33  Assimilator  
  100  8:35  Pylon  
  100  8:37  Probe  
  99  8:54  Stalker x6  
  99  8:55  Stalker  
  97  9:08  Charge  
  93  9:10  Gateway, Photon Cannon  
  93  9:15  Pylon  
  94  9:19  Warp Prism  
  94  9:20  Zealot x3  
  94  9:21  Zealot x4  
  109  9:24  Templar Archives  
  109  9:27  Photon Cannon  
  109  9:44  Zealot x5  
  116  9:48  Probe  
  116  9:51  Psionic Storm  
  117  9:59  Nexus  
  117  10:01  Pylon  
  117  10:09  Pylon  
  117  10:10  Pylon  
  117  10:12  Pylon  
  117  10:15  Robotics Facility  
  117  10:19  Observer, Probe x2  
  120  10:21  Probe  
  120  10:23  High Templar x2  
  125  10:29  High Templar x3  
  125  10:31  Probe  
  125  10:32  Photon Cannon  
  132  10:35  Photon Cannon  
  132  10:36  Shield Battery, Photon Cannon x2  
  132  10:41  Probe  
  132  10:42  Photon Cannon  
  133  10:47  Zealot  
  133  10:59  Immortal  
  133  11:00  Stalker x3  
  133  11:01  Zealot  
  133  11:02  Zealot  
  147  11:15  Fleet Beacon  
  147  11:17  Assimilator, Probe x2  
  149  11:18  Probe  
  149  11:19  Assimilator  
  149  11:21  Zealot  
  149  11:25  Probe  
  153  11:29  Probe  
  153  11:30  Probe  
  155  11:34  Stargate  
  155  11:38  Observer x2  
  157  11:45  High Templar, Zealot x2  
  163  11:56  Observer  
  164  12:03  Pylon  
  164  12:06  Pylon  
  164  12:15  Tempest  
  160  12:18  Tempest  
  160  12:21  Stalker x5  
  142  12:40  Immortal  
  142  12:41  Immortal  
  145  12:45  Zealot x8  
  156  12:56  Observer  
  141  13:01  Tempest x2  
  141  13:03  Probe  
  144  13:06  Stalker x2  
  144  13:11  Zealot  
  144  13:17  Zealot x3  
  144  13:22  Zealot x2  
  140  13:30  Zealot x2  
  140  13:32  Observer  
  127  13:39  High Templar x3  
  130  13:50  Zealot x2  
  130  13:51  Archon  
  130  13:53  Zealot x3  
Show
View Real Time Build Order
Export as new Build Order

Reynor Zerg - Winner!

Build Orders: 3 Hatch before Pool, Lurkers 

Get SALT Encoding   

  12  0:00  Drone  
  13  0:07  Drone  
  14  0:14  Extractor  
  14  0:15  Drone  
  15  0:21  Overlord  
  15  0:41  Drone  
  16  0:50  Drone  
  16  0:51  Hatchery  
  16  0:54  Drone  
  17  0:57  Drone  
  18  1:09  Extractor  
  17  1:20  Hatchery  
  17  1:32  Spawning Pool  
  16  1:35  Drone  
  16  1:39  Drone  
  18  1:42  Extractor  
  18  1:44  Drone  
  18  1:47  Drone  
  19  1:54  Evolution Chamber  
  19  1:57  Drone  
  21  2:07  Drone  
  22  2:20  Queen x2  
  22  2:21  Zergling x4  
  28  2:23  Overlord  
  28  2:43  Zergling x2  
  29  2:44  Zergling x2  
  29  2:45  Drone x2  
  29  2:47  Drone  
  29  2:49  Metabolic Boost  
  32  2:52  Drone  
  32  2:57  Queen  
  34  3:01  Zergling x2  
  34  3:03  Overlord  
  35  3:13  Overlord  
  35  3:29  Zergling x6  
  35  3:30  Overlord, Zergling x6  
  35  3:31  Zergling x4  
  35  3:32  Drone  
  43  3:39  Drone  
  42  3:41  Drone  
  43  3:50  Drone  
  43  3:54  Drone  
  44  3:57  Hatchery  
  44  3:59  Spore Crawler, Drone  
  43  4:03  Drone  
  43  4:09  Drone  
  46  4:10  Drone x3  
  46  4:14  Overlord  
  48  4:20  Queen  
  48  4:22  Drone  
  51  4:26  Overlord  
  52  4:31  Drone x3  
  52  4:34  Drone  
  54  4:41  Drone x2  
  54  4:43  Roach Warren  
  54  4:44  Overlord  
  55  4:46  Drone  
  55  4:49  Drone  
  55  4:51  Drone  
  56  4:56  Drone  
  57  5:01  Drone  
  57  5:02  Drone x3  
  62  5:07  Drone x2  
  62  5:08  Spore Crawler, Zergling x4  
  62  5:10  Drone  
  62  5:14  Drone, Extractor  
  66  5:19  Overlord  
  65  5:24  Drone x2  
  67  5:34  Evolution Chamber x2, Roach x2  
  67  5:35  Roach x3  
  75  5:36  Zergling x6  
  77  5:44  Roach, Zergling x2, Queen  
  77  5:49  Drone  
  78  5:51  Overlord  
  78  5:53  Drone  
  78  6:00  Drone  
  78  6:01  Spore Crawler  
  78  6:03  Drone  
  78  6:04  Drone  
  78  6:05  Drone x2  
  78  6:06  Drone  
  78  6:10  Drone  
  79  6:13  Drone x2  
  79  6:18  Spore Crawler  
  79  6:21  Drone  
  79  6:24  Drone x2  
  80  6:26  Extractor  
  80  6:31  Drone  
  80  6:32  Drone  
  75  6:34  Drone x3  
  75  6:35  Drone  
  80  6:43  Spore Crawler, Overlord  
  80  6:46  Drone x2, Lair  
  81  6:53  Drone  
  82  6:56  Drone x3  
  82  6:57  Overlord  
  82  7:00  Roach  
  87  7:06  Zergling x8  
  87  7:08  Zergling x2  
  90  7:11  Zergling x2  
  90  7:13  Zerg Missile Weapons Level 1  
  91  7:17  Zergling x4  
  91  7:20  Roach x2, Zergling x2  
  91  7:21  Zergling x2  
  99  7:22  Ravager  
  99  7:24  Hatchery  
  99  7:25  Hatchery  
  99  7:28  Overlord  
  99  7:29  Ravager  
  99  7:31  Zergling x4  
  99  7:37  Zergling x10  
  99  7:38  Zergling x2  
  99  7:42  Ravager  
  103  7:44  Roach, Zergling x2  
  103  7:47  Zergling x2  
  103  7:48  Queen  
  103  7:49  Queen  
  103  7:50  Spine Crawler, Roach  
  107  7:51  Zergling x2  
  107  7:52  Zergling x2  
  107  7:55  Zergling x4  
  110  7:59  Zergling x2  
  110  8:03  Zergling x6  
  110  8:05  Zergling x2  
  110  8:07  Roach  
  110  8:10  Roach  
  110  8:16  Roach  
  110  8:18  Zergling x6, Roach  
  110  8:19  Zergling x2  
  116  8:21  Glial Reconstitution  
  116  8:24  Roach x2, Zergling x2, Extractor  
  120  8:28  Overlord  
  120  8:30  Zerg Melee Weapons Level 1  
  120  8:31  Drone x2  
  122  8:37  Overlord  
  122  8:39  Drone x2  
  122  8:42  Zergling x4  
  122  8:46  Zergling x2  
  119  8:50  Zergling x4  
  119  8:54  Drone x3  
  121  8:56  Drone  
  121  8:57  Drone  
  121  8:58  Drone  
  121  8:59  Drone  
  121  9:01  Drone, Infestation Pit  
  121  9:02  Zergling x4  
  125  9:03  Drone x2  
  125  9:09  Drone  
  128  9:10  Hydralisk Den  
  128  9:13  Drone x4  
  128  9:16  Extractor, Drone  
  131  9:18  Drone x3  
  131  9:19  Extractor, Overseer  
  131  9:22  Zerg Missile Weapons Level 2  
  135  9:24  Roach, Drone  
  135  9:25  Drone x2  
  135  9:28  Extractor  
  135  9:29  Zergling x6, Extractor  
  139  9:31  Overlord  
  139  9:32  Roach  
  139  9:33  Roach, Zergling x2  
  139  9:35  Drone  
  139  9:36  Drone  
  139  9:38  Roach, Zergling x2  
  149  9:42  Hive  
  149  9:43  Overlord  
  149  9:47  Overlord  
  149  9:53  Overlord  
  149  9:54  Lurker Den  
  149  9:57  Drone x2  
  149  9:58  Drone x2  
  149  9:59  Overlord  
  150  10:04  Muscular Augments  
  150  10:05  Drone x5  
  152  10:07  Hydralisk x4  
  152  10:08  Extractor, Zergling x2  
  152  10:09  Zergling x2  
  152  10:12  Roach x2  
  165  10:18  Roach x4  
  173  10:23  Overlord  
  173  10:30  Hydralisk x4  
  173  10:32  Lurker Den  
  173  10:33  Overlord  
  179  10:51  Hydralisk x9  
  179  10:53  Overlord  
  197  11:00  Seismic Spines  
  197  11:02  Overlord  
  197  11:03  Adrenal Glands  
  197  11:16  Pneumatized Carapace  
  197  11:20  Overseer  
  197  11:26  Spine Crawler  
  197  11:27  Spine Crawler x3  
  197  11:28  Lurker x5  
  197  11:30  Drone x2  
  200  11:40  Zerg Melee Weapons Level 2  
  200  11:48  Hatchery  
  198  11:58  Lurker  
  199  12:02  Adaptive Talons  
  199  12:04  Spire, Lurker  
  184  12:20  Zergling x22  
  186  12:29  Hydralisk x11  
  189  12:30  Zergling x16  
  189  12:32  Hydralisk  
  189  12:33  Hydralisk x4  
  189  12:35  Overlord  
  196  12:43  Hydralisk x3  
  198  12:45  Overlord  
  194  12:51  Hydralisk x3  
  194  12:55  Extractor  
  194  12:56  Zergling x18  
  193  13:04  Hydralisk x5  
  193  13:05  Zergling x2, Lurker x2  
  186  13:16  Zergling x28  
  182  13:20  Hydralisk x3  
  182  13:21  Zergling x2  
  182  13:23  Hydralisk  
  182  13:24  Hydralisk  
  182  13:34  Lurker x2  
  171  13:36  Drone  
  171  13:37  Drone x4  
Tags
 
Add a new tag
Caveats
  • Supply blocks, unpowered buildings, or Contaminate may cause inaccurate times.
  • Supply counts are checked every 10 seconds.